woodfighter, neutral female human Healer ---- ---- ---- |>.-----a@|----..| |...--.`.`--.....| --.`..........--.| |.```.--.....||^| |......|...---|^| ---..|.|.--- |^| |.`|...| |^| |..--.-- |^-- --`.).| ----..| |..--- |<^^..| ---- ------- woodfighter the Empiric Experience level: 5 Strength: 12 Dexterity: 14 Constitution: 14 Intelligence: 7 Wisdom: 16 Charisma: 17 Health: 0(43) Energy: 24(38) Def: 3 Gold: 0 Moves: 3100 Dungeon seed: K4cd1jEnKw4ee2rb Game ID: woodfighter_1504959393 Your Inventory: Weapons a - a +1 scalpel (weapon in hand) t - 29 blessed +2 darts Armor e - an uncursed +1 pair of leather gloves (being worn) n - an uncursed +0 pair of low boots (being worn) Comestibles k - 7 blessed eucalyptus leaves l - 3 blessed sprigs of wolfsbane m - 2 blessed cloves of garlic o - 6 uncursed apples u - 2 uncursed food rations E - an uncursed tin of spinach H - an uncursed tin of giant rat meat I - 2 uncursed cream pies J - an uncursed magic beans Q - an uncursed sprig of wolfsbane Rings z - an uncursed ring of protection from shape changers (on left hand) Wands d - a wand of striking (0:5) f - a wand of cancellation (0:3) g - a wand of sleep (0:3) A - a wand of create monster (0:12) B - a wand of enlightenment (0:12) D - a wand of sleep (0:4) L - a wand of digging (0:6) P - a wand of undead turning (0:6) S - a wand of secret door detection (0:13) T - a wand of secret door detection (0:13) W - a wand of fire (0:3) Tools b - an uncursed stethoscope y - an uncursed lock pick Spells and supernatural/magical abilities: Name Level Category Fail Memory h - healing 1 healing 23% 85% x - extra healing 3 healing 50% 85% S - stone to flesh 3 healing 60% 85% W - pray for help -- divine ? -- Your skills at the end: Miscellaneous Skills wands [Basic] Weapon Skills knife [Basic] Spellcasting Skills healing spells [Basic] Final Attributes: You were devoutly aligned. You were poison resistant. Your writing hand was ok. You were very stealthy. You were protected from shape changers. You are dead. Vanquished creatures: a leprechaun a gnome mummy a bugbear a baby crocodile a fog cloud 2 gnome lords a gray ooze a giant ant a floating eye a homunculus a kobold lord an iguana 4 rothes 2 jitterbugs a large kobold 7 geckos a hobgoblin 2 giant rats a green mold 2 gnomes a gnome zombie 13 jackals 2 foxes 4 newts 2 goblins 4 sewer rats 9 grid bugs 4 lichens 3 kobold zombies 75 creatures vanquished. Voluntary challenges: You did not cause conflict. You were not invisible. You did not have reflection. You were not displaced. You had been an atheist until turn 2331. You used a wielded weapon 177 times, starting on turn 100. You did not apply a unicorn horn. You did not use plumbed fixtures. You did not drink any magical draughts. You read items or engraved 2 times, starting on turn 3051. You never genocided any monsters. You never polymorphed an object. You never changed form. You used no wishes. You never split a pudding. You never wrote Elbereth's name. You never violated your personal moral code. Dungeon overview: The Dungeons of Doom: levels 1 to 8 Level 1 a long staircase Level 2 a fountain, a sink Level 3 a potion shop, a fountain Level 4 (stash) a potion shop, a fountain stairs to The Gnomish Mines Level 5 (boxes) a fountain Level 6 many fountains Level 7 a fountain stairs to Sokoban Level 8 The Gnomish Mines: Level 5 stairs to The Dungeons of Doom Sokoban: Level 6 <- You were here an altar to Hermes, a magic chest stairs to The Dungeons of Doom History has recorded: On T:1 you entered the Dungeons of Doom to retrieve the Amulet of Yendor! On T:327 you reached level 2 of The Dungeons of Doom. On T:619 you reached level 3 of The Dungeons of Doom. On T:790 you advanced to experience level 2. On T:880 you reached level 4 of The Dungeons of Doom. On T:1359 you advanced to experience level 3. On T:1401 you reached level 5 of The Dungeons of Doom. On T:1419 you reached level 1 of The Gnomish Mines. On T:1790 you reached level 6 of The Dungeons of Doom. On T:1891 you advanced to experience level 4. On T:2154 you advanced to experience level 5. On T:2331 you prayed to Hermes. On T:2384 you reached level 7 of The Dungeons of Doom. On T:2718 you reached level 8 of The Dungeons of Doom. On T:2892 you reached level 4 of Sokoban. On T:3049 you opened a magic chest. Score breakdown: Gold: 0 ( 0 points) Experience: 5 levels ( 400 points) Exploration: 8 levels ( 210 points) Discoveries: 14 items ( 700 points) Variety of kills: 29 monsters ( 1450 points) Major goal: (nothing yet) ( 0 points) Survival: died (score multiplied by 3) Total score: 8280 Latest messages: You feel better. You slash the baby crocodile. The baby crocodile is moderately wounded. The giant beetle bites! The baby crocodile bites! You feel better. You slash the baby crocodile. The baby crocodile is moderately wounded. The giant beetle bites! The baby crocodile bites! You hear some noises. You slash the baby crocodile. The baby crocodile is heavily wounded. You slash the baby crocodile. The baby crocodile is almost dead. The giant beetle bites! The baby crocodile bites! The baby crocodile is killed! You feel better. You fail to cast the spell correctly. The giant beetle bites! You die... Final status: Goodbye woodfighter the Healer, killed by a giant beetle... You died in Sokoban on dungeon level 6 with 8280 points, and 0 pieces of gold, after 3100 moves. You were level 5 with a maximum of 43 hit points when you died.